 Dungeon Crawl Stone Soup version 0.29.1-14-g9c671dbff4 (webtiles) character file.

Game seed: 148367497330531050

4446 sizableburger the Spear-Bearer (level 10, -7/79 HPs)
             Began as a Formicid Chaos Knight on Feb 18, 2023.
             Was a Plaything of Xom.
             Mangled by a two-headed ogre
             ... wielding a +0 giant club
              (16 damage)
             ... on level 9 of the Dungeon.
             The game lasted 00:21:48 (10563 turns).

sizableburger the Spear-Bearer (FoCK)              Turns: 10563, Time: 00:21:48

Health: -7/79      AC: 19    Str: 19    XL:     10   Next: 63%
Magic:  9/9        EV:  9    Int: 10    God:    Xom [..*...]
Gold:   423        SH:  0    Dex: 17    Spells: 9/9 levels left

rFire   . . .      SeeInvis +   D - +1 trident
rCold   + . .      Faith    .   (no shield)
rNeg    . . .      Spirit   .   i - +0 chain mail
rPois   .          Reflect  .   (helmet unavailable)
rElec   .          Harm     .   o - +1 cloak
rCorr   .          Rampage  .   j - +2 pair of gloves
Will    +....                   s - +2 pair of boots
Stlth   ..........              g - amulet of magic regeneration
HPRegen 0.23/turn               (no ring)
MPRegen 0.51/turn               (no ring)

@: studying Earth Magic, unable to read
A: permanent stasis, dig shafts and tunnels, antennae 3, four strong arms, agile
1, cold resistance 1, low MP 1, weak 1, inability to read after injury 1
a: Dig, Shaft Self, Renounce Religion


You were on level 9 of the Dungeon.
You worshipped Xom.
You were a toy of Xom.
You visited 1 branch of the dungeon, and saw 9 of its levels.

You collected 595 gold pieces.
You spent 172 gold pieces at shops.

Inventory:

Hand Weapons
 a - a +0 spear of chaos
 C - a +0 broad axe
 D - a +1 trident (weapon)
 G - a +2 battleaxe of draining
Missiles
 h - 44 poisoned darts (quivered)
Armour
 i - a +0 chain mail (worn)
 j - a +2 pair of gloves (worn)
 o - a +1 cloak (worn)
 s - a +2 pair of boots (worn)
Jewellery
 g - an amulet of magic regeneration (around neck)
 t - a ring of positive energy
 w - an amulet of the acrobat
Wands
 b - a wand of digging (3)
 q - a wand of paralysis (4)
 A - a wand of light (1)
 H - a wand of flame (11)
Scrolls
 d - 6 scrolls of teleportation
 f - a scroll of immolation {unknown}
 r - 3 scrolls of noise
 u - a scroll of amnesia
 y - 2 scrolls of butterflies
 z - a scroll of summoning {unknown}
Potions
 e - a potion of mutation
 k - a potion of flight
 l - 2 potions of ambrosia
 m - a potion of cancellation
 n - a potion of berserk rage
 p - a potion of attraction
 v - a potion of haste {unknown}
 x - 2 potions of degeneration {unknown}
 B - 2 potions of heal wounds
 E - a potion of resistance {unknown}
 F - 2 potions of curing
Miscellaneous
 c - a piece from Xom's chessboard (15/15)


   Skills:
 - Level 7.0 Fighting
 + Level 4.3(8.1) Axes
 - Level 10.6(11.0) Polearms
 - Level 7.0 Armour
 - Level 3.2 Dodging
 - Level 4.0 Evocations


You had 9 spell levels left.
You didn't know any spells.
Your spell library contained the following spells:

 Spells                   Type           Power      Damage    Failure   Level
 Sublimation of Blood     Necr           0%         N/A       99%         2
 Wereblood                Tmut           0%         N/A       99%         2
 Summon Lightning Spire   Summ/Air       0%         N/A       100%        4
 Dispersal                Tloc           0%         N/A       100%        6
 Storm Form               Tmut/Air       0%         N/A       100%        7
 Summon Hydra             Summ           0%         N/A       100%        7
 Disjunction              Tloc           0%         N/A       100%        8
 Maxwell's Capacitive Co  Air            0%         ∞         100%        8


Dungeon Overview and Level Annotations

Branches:
Dungeon (9/15)             Temple (0/1) D:4
   Lair: D:8-11         Orc: D:9-12

Altars:
Ashenzari
Cheibriados
Elyvilon
Gozag
Trog
Vehumet
Wu Jian
Xom
Zin

Shops:
D:1 *(*   D:3 *


Innate Abilities, Weirdness & Mutations

You cannot be hasted, slowed, berserked, paralysed or teleported.
You can dig through walls and to a lower floor.
You have a pair of large antennae on your head. (SInv)
Your four strong arms can wield two-handed weapons with a shield.
You are agile. (Dex +4, Str/Int -1)
Your flesh is cold resistant. (rC+)
Your magical capacity is low. (-10% MP)
You are weak. (Str -2)
You occasionally lose the ability to read scrolls when taking damage.


Message History

The two-headed ogre shouts in stereo!
There is a stone staircase leading up here.
You climb upwards.
There is a stone staircase leading down here.
You start resting.
HP restored.
You climb downwards.
The two-headed ogre hits you with a +0 giant club!
The two-headed ogre hits you but does no damage.
There is a stone staircase leading up here.
Okay, then.
Aiming: Paralyse
Press: ? - help, Shift-Dir - straight line, f - two-headed ogre
Aim: a two-headed ogre, wielding a +0 giant club and a +0 giant spiked club (chance to affect: 41%)
The two-headed ogre resists with some effort.
The two-headed ogre hits you with a +0 giant club!!
The two-headed ogre barely misses you.
Aiming: Paralyse
Press: ? - help, Shift-Dir - straight line, f/p - two-headed ogre
Aim: a two-headed ogre, wielding a +0 giant club and a +0 giant spiked club (chance to affect: 41%)
The two-headed ogre resists with some effort.
The two-headed ogre hits you with a +0 giant club!!
You feel threatened and lose the ability to read scrolls!
* * * LOW HITPOINT WARNING * * *
The two-headed ogre hits you with a +0 giant spiked club.
* * * LOW HITPOINT WARNING * * *
Okay, then.
Aiming: Paralyse
Press: ? - help, Shift-Dir - straight line, f/p - two-headed ogre
Aim: a two-headed ogre, wielding a +0 giant club and a +0 giant spiked club (chance to affect: 41%)
The two-headed ogre resists with some effort.
Unknown command.
Aiming: Paralyse
Press: ? - help, Shift-Dir - straight line, f/p - two-headed ogre
Aim: a two-headed ogre, wielding a +0 giant club and a +0 giant spiked club (chance to affect: 41%)
The two-headed ogre resists with some effort.
The two-headed ogre closely misses you.
The two-headed ogre hits you with a +0 giant spiked club!
You die...
Xom snickers!

#............
#............
#............
#>..............
#...............
#...............
#...)(..........
#....)..........
#.@O............
#...............
#...............
#...............
#####'##########
.... .......
#.........
#.......$


You could see a two-headed ogre.

Vanquished Creatures
  A harpy (D:7)
  A troll (D:5)
  Grinder (D:3)
  Sigmund (D:7)
  A shadow (D:8)
  A yak (D:5)
  A wyvern (D:8)
  A steam dragon (D:6)
  Edmund (D:7)
  An acid dragon (D:6)
  2 water moccasins
  A boggart (D:5)
  An ogre (D:4)
  2 phantoms (D:6)
  A centaur (D:8)
  6 kobold brigands
  3 bullfrogs
  A necrophage (D:5)
  3 scorpions
  4 wights (D:8)
  3 howler monkeys
  Crazy Yiuf (D:4)
  A hound (D:5)
  Jessica (D:3)
  2 iguanas (D:6)
  4 orc wizards
  Natasha (twice) (D:3)
  Robin (D:3)
  7 adders
  A shadow imp (D:6)
  4 white imps
  An ufetubus (D:7)
  4 worms
  10 dart slugs
  25 orcs
  2 bats
  3 endoplasms
  2 giant cockroaches
  10 goblins
  14 hobgoblins
  6 quokkas
  6 ball pythons
  3 frilled lizards
  17 kobolds
  An orc zombie (D:6)
  5 rats
170 creatures vanquished.

Vanquished Creatures (collateral kills)
  A black mamba (shapeshifter) (D:4)
  A dart slug (D:4)
  An orc (D:4)
3 creatures vanquished.

Vanquished Creatures (others)
  11 plants (D:3)
11 creatures vanquished.

Grand Total: 184 creatures vanquished

Notes
Turn   | Place    | Note
-------+----------+-------------------------------------------
     0 | D:1      | sizableburger the Formicid Chaos Knight began the quest for
                  | the Orb.
     0 | D:1      | Reached XP level 1. HP: 18/18 MP: 1/1
    27 | D:1      | Reached skill level 1 in Dodging
    39 | D:1      | Reached XP level 2. HP: 19/24 MP: 2/2
   194 | D:1      | XOM: divination: detect items
   212 | D:1      | Found Opharausme's Weapon Shoppe.
   501 | D:1      | Found Heuvos's Assorted Antiques.
   536 | D:1      | XOM: silly message
  1002 | D:1      | Reached XP level 3. HP: 29/29 MP: 3/3
  1155 | D:1      | Found Zeguwk's General Store.
  1325 | D:2      | XOM: silly message
  1336 | D:2      | XOM: cast spell 'Cause Fear'
  1411 | D:2      | You fall into a shaft and drop 1 floor!
  1414 | D:3      | Noticed Grinder
  1415 | D:3      | Found a broken altar of Ashenzari.
  1425 | D:2      | XOM: cast spell 'Leda's Liquefaction'
  1542 | D:2      | Reached XP level 4. HP: 36/37 MP: 4/4
  1658 | D:2      | Found an opulent altar of Gozag.
  1995 | D:2      | Found a faded altar of an unknown god.
  2051 | D:2      | XOM: silly message
  2240 | D:3      | XOM: give mutations
  2240 | D:3      | Gained mutation: You are agile. (Dex +4, Str/Int -1) [Xom's
                  | mischief]
  2240 | D:3      | Gained mutation: You have hidden genetic potential. [Xom's
                  | mischief]
  2240 | D:3      | Gained mutation: Your flesh is cold resistant. (rC+) [Xom's
                  | mischief]
  2276 | D:3      | Noticed Jessica
  2283 | D:3      | Killed Jessica
  2341 | D:3      | Reached XP level 5. HP: 42/42 MP: 5/5
  2395 | D:3      | Noticed Robin
  2406 | D:2      | Gained mutation: You have great hidden genetic potential.
                  | [hidden potential]
  2451 | D:3      | Killed Robin
  2540 | D:3      | Identified the +2 leather armour of the Merchant {*Corrode
                  | Slay+2 SInv}
  2782 | D:4      | Found a white marble altar of Elyvilon.
  2896 | D:4      | XOM: torment (22/42 hp)
  3183 | D:1      | Bought a pair of embroidered boots for 172 gold pieces
  3273 | D:3      | XOM: give mutation
  3273 | D:3      | Lost mutation: You are agile. (Dex +4, Str/Int -1) [Xom's
                  | mischief]
  3418 | D:4      | XOM: noise
  3453 | D:4      | Noticed a shapeshifter
  3453 | D:4      | a worm changed into a shapeshifter
  3453 | D:4      | Noticed an unseen horror
  3453 | D:4      | a shapeshifter changed into an unseen horror
  3465 | D:4      | Noticed a black mamba
  3465 | D:4      | an unseen horror changed into a black mamba
  3467 | D:4      | Killed a black mamba
  3468 | D:4      | Reached skill level 5 in Fighting
  3468 | D:4      | Reached skill level 4 in Polearms
  3468 | D:4      | Reached XP level 6. HP: 32/51 MP: 6/6
  3468 | D:4      | Reached XP level 7. HP: 36/56 MP: 7/7
  3481 | D:4      | Gained mutation: You possess an exceptional clarity of
                  | mind. [hidden potential]
  3481 | D:4      | Lost mutation: You have great hidden genetic potential.
                  | [hidden potential expressed]
  3499 | D:4      | XOM: silly message
  3522 | D:4      | XOM: give mutation
  3522 | D:4      | Lost mutation: You possess an exceptional clarity of mind.
                  | [Xom's mischief]
  3737 | D:4      | XOM: noise
  3842 | D:4      | Found a runed translucent door.
  3843 | D:4      | Noticed Crazy Yiuf
  3853 | D:4      | Killed Crazy Yiuf
  3854 | D:4      | Reached skill level 5 in Polearms
  4044 | D:4      | Found a radiant altar of Vehumet.
  4127 | D:4      | XOM: silly message
  4153 | D:4      | Found a staircase to the Ecumenical Temple.
  4308 | D:5      | Entered Level 5 of the Dungeon
  4468 | D:5      | XOM: summons 4 hostile demons
  4469 | D:5      | Noticed an ice devil
  4724 | D:5      | XOM: polymorph orc wizard -> boggart
  4742 | D:5      | Reached XP level 8. HP: 56/64 MP: 8/8
  4871 | D:5      | XOM: chaos cloud
  4888 | D:5      | Gained mutation: You are agile. (Dex +4, Str/Int -1)
                  | [hidden potential]
  4897 | D:5      | Found an ornate altar of the Wu Jian Council.
  4969 | D:5      | XOM: noise
  5056 | D:5      | Noticed a yak
  5068 | D:5      | XOM: silly message
  5071 | D:5      | XOM: potion effect (brilliance)
  5073 | D:5      | XOM: silly message
  5080 | D:5      | Killed a yak
  5081 | D:5      | Reached skill level 6 in Polearms
  5191 | D:5      | XOM: noise
  5358 | D:5      | Noticed a troll
  5359 | D:5      | XOM: enchant monster (bad)
  5376 | D:5      | You fall into a shaft and drop 2 floors!
  5670 | D:6      | Noticed a wraith
  5721 | D:7      | Reached skill level 5 in Armour
  6054 | D:7      | Noticed a hornet
  6063 | D:7      | Noticed a harpy
  6063 | D:7      | a hornet changed into a harpy
  6063 | D:7      | XOM: polymorph hornet -> harpy
  6081 | D:7      | Reached skill level 1 in Evocations
  6084 | D:7      | Killed a harpy
  6085 | D:7      | Reached skill level 7 in Polearms
  6085 | D:7      | Reached XP level 9. HP: 68/72 MP: 9/9
  6098 | D:7      | Gained mutation: Your mind is acute. (Int +4, Str/Dex -1)
                  | [hidden potential]
  6098 | D:7      | Lost mutation: You have hidden genetic potential. [hidden
                  | potential expressed]
  6253 | D:7      | XOM: stat loss: -1 Str (19/20)
  6457 | D:6      | Noticed Eustachio
  6473 | D:6      | Noticed Eustachio
  6473 | D:6      | Eustachio changed into Eustachio the acid dragon
  6473 | D:6      | XOM: polymorph Eustachio -> Eustachio the acid dragon
  6484 | D:6      | XOM: smoke on damage
  6488 | D:6      | Killed Eustachio the acid dragon
  6489 | D:6      | Reached skill level 8 in Polearms
  6593 | D:6      | XOM: give mutations
  6593 | D:6      | Gained mutation: You are weak. (Str -2) [Xom's mischief]
  6593 | D:6      | Lost mutation: Your mind is acute. (Int +4, Str/Dex -1)
                  | [Xom's mischief]
  6705 | D:6      | XOM: summons 4 hostile shadow creatures
  6916 | D:6      | Found a shimmering altar of Xom.
  6917 | D:6      | Found a bloodstained altar of Trog.
  6996 | D:6      | XOM: torment (37/72 hp)
  7608 | D:6      | Identified the +6 rapier of the Sage {spect, Int+3}
  7721 | D:6      | XOM: noise
  7884 | D:6      | XOM: noise
  8138 | D:5      | Killed a troll
  8139 | D:5      | Reached skill level 9 in Polearms
  8139 | D:5      | Reached XP level 10. HP: 79/79 MP: 10/10
  8254 | D:3      | Found Jugob's Assorted Antiques.
  8309 | D:3      | XOM: confusion
  8310 | D:3      | Noticed Natasha
  8314 | D:3      | XOM: polymorph shadow imp -> iron imp
  8325 | D:3      | Killed Natasha
  8343 | D:3      | Killed Grinder
  8389 | D:3      | Found a snail-covered altar of Cheibriados.
  8435 | D:3      | Noticed Natasha
  8441 | D:3      | Killed Natasha
  8539 | D:3      | XOM: give mutations
  8539 | D:3      | Gained mutation: Your magical capacity is low. (-10% MP)
                  | [Xom's mischief]
  8539 | D:3      | Gained mutation: You occasionally shout uncontrollably at
                  | your foes. [Xom's mischief]
  8539 | D:3      | Gained mutation: You occasionally lose the ability to read
                  | scrolls when taking damage. [Xom's mischief]
  8539 | D:3      | Lost mutation: You occasionally shout uncontrollably at
                  | your foes. [Xom's mischief]
  8926 | D:7      | Noticed Edmund
  8939 | D:7      | Killed Edmund
  8940 | D:7      | Reached skill level 10 in Polearms
  9008 | D:7      | XOM: noise
  9010 | D:7      | Noticed Sigmund
  9012 | D:7      | XOM: confusion
  9024 | D:7      | Killed Sigmund
  9443 | D:8      | XOM: summons 1 hostile shadow creature
  9452 | D:8      | XOM: polymorph orc warrior -> worm
  9470 | D:8      | Reached skill level 1 in Axes
  9687 | D:8      | Found a glowing silver altar of Zin.
  9690 | D:8      | Noticed a two-headed ogre
  9970 | D:8      | XOM: smoke on damage
 10360 | D:9      | XOM: smoke on damage
 10360 | D:9      | XOM: torment (33/79 hp)
 10414 | D:9      | Noticed a two-headed ogre
 10563 | D:9      | Mangled by a two-headed ogre

Illustrated notes

Levels and vault maps discovered:
D:1:      lemuel_arrival_behind_the_door_small, layout_loops_corners,
          serial_shops, shop, nicolae_shop_waterfront, shop, minivault_26,
          minivault_25, minmay_heptomino_o4
D:2:      layout_basic, basic_altar, dreamdust_ecumenical_altar_statues,
          minmay_splitting_lines
D:3:      layout_loops_cross, cheibrodos_ashenzari_chains,
          kennysheep_slug_shrine, serial_bayou, serial_bayou_lake_a,
          serial_bayou_pond_c, serial_bayou_ford_a, serial_bayou_pond_d,
          serial_bayou_pond_e, serial_shops, nicolae_shop_stone, uniq_grinder,
          uniq_natasha, uniq_robin, uniq_jessica
D:4:      layout_basic, nicolae_elyvilon_temple_path,
          lemuel_coloured_pillars_altar, minmay_temple_entry_junction_2,
          uniq_crazy_yiuf_cottage
D:5:      layout_basic, nicolae_overflow_hidden_temple, minmay_manual_monstrance
D:6:      layout_basic, xom_teletrap_fun, mainiacjoe_overflow_brackets,
          uniq_eustachio
D:7:      layout_gridville, dreamdust_wishing_well, sigmund_edmund_badplayer
D:8:      layout_gridville, lemuel_tele_altar
D:9:      layout_stronghold, kiku_gazebo_garden_becter, erik_orc_2

Skill      XL: |  1  2  3  4  5  6  7  8  9 10 |
---------------+-------------------------------+-----
Dodging        | 1 2 3 |  3.2
Armour         | 3 4 5 7 |  7.0
Fighting       | 4 5 6 7 |  7.0
Polearms       | 4 5 7 9 10 | 10.6
Evocations     | 3 4 |  4.0
Axes           | 4 |  4.3

Action                   |  1- 3 |  4- 6 |  7- 9 | 10-12 || total
-------------------------+-------+-------+-------+-------++-------
Melee: Spear             |   113 |   151 |   385 |       ||   649
       Punch             |     1 |     1 |     4 |     1 ||     7
       Trident           |       |       |    18 |   212 ||   230
       Broad axe         |       |       |       |     7 ||     7
Throw: Dart              |       |     3 |     6 |       ||     9
 Abil: Shaft Self        |       |       |     1 |       ||     1
Evoke: Piece from Xom's  |       |       |     2 |       ||     2
       Wand              |       |       |     2 |     4 ||     6
  Use: Scroll            |       |     5 |     9 |       ||    14
       Potion            |       |       |     6 |     1 ||     7
 Stab: Sleeping          |     1 |     1 |       |       ||     2
       Confused          |       |     1 |     1 |       ||     2
       Petrifying        |       |       |     1 |       ||     1
       Paralysed         |       |       |     7 |       ||     7
Armor: Leather armour    |    13 |       |       |       ||    13
       Ring mail         |     9 |    44 |    53 |       ||   106
       Chain mail        |       |       |   118 |   101 ||   219
       Skin              |       |       |    38 |       ||    38
Dodge: Dodged            |    41 |    57 |   153 |    88 ||   339
